 Dungeon Crawl Stone Soup version 0.32-a0-675-gdc239d62e1 (webtiles) character file.

Game seed: 16576767963583490019

1087 zenocrate the Digger (level 8, -3/52 HPs)
             Began as an Octopode Earth Elementalist on Mar 12, 2024.
             Was an Initiate of Vehumet.
             Killed from afar by Maggie (31 damage)
             ... with a bolt of fire
             ... on level 6 of the Dungeon.
             The game lasted 00:06:34 (5221 turns).

zenocrate the Digger (Octopode Earth Elementalist)  Turns: 5221, Time: 00:06:34

Health: -3/52      AC:  1    Str:  7    XL:     8   Next: 30%
Magic:  6/15       EV: 13    Int: 24    God:    Vehumet [......]
Gold:   280        SH:  0    Dex: 13    Spells: 5/16 levels left

rFire   . . .        a - +7 mace of Objectivity {flame, Int+5}
rCold   . . .        (no shield)
rNeg    . . .        (helmet restricted)
rPois   +            (no amulet)
rElec   .            r - ring of poison resistance
rCorr   .            (no ring)
SInv    .            (no ring)
Will    .....        (no ring)
Stlth   +++          (no ring)
HPRegen 0.28/turn    (no ring)
MPRegen 0.14/turn    (no ring)
                     (no ring)

%: no passive effects
@: no status effects
A: almost no armour, amphibious, 8 rings, camouflage 1, gelatinous body 1,
(nimble swimmer 1), tentacles
a: Renounce Religion


You were on level 6 of the Dungeon.
You worshipped Vehumet.
Vehumet was noncommittal.
You visited 2 branches of the dungeon, and saw 8 of its levels.

You collected 280 gold pieces.

Inventory:

Hand Weapons
 a - the +7 mace of Objectivity (weapon) {flame, Int+5}
   (You found it on level 2 of the Dungeon)

   Int+5:     It affects your intelligence (+5).
Armour
 p - a +0 tower shield
 x - a +0 buckler
Jewellery
 n - an amulet of faith
 r - a ring of poison resistance (left tentacle)
Talismans
 b - a serpent talisman
 i - a flux talisman
Wands
 u - a wand of light (7)
 v - a wand of warping (10)
Scrolls
 d - a scroll of vulnerability {unknown}
 e - 2 scrolls of enchant weapon {unknown}
 g - 2 scrolls of silence {unknown}
 j - a scroll of noise {unknown}
 k - 2 scrolls of amnesia {unknown}
 m - a scroll of revelation {unknown}
 o - 2 scrolls of fog {unknown}
 q - 2 scrolls of poison
 s - a scroll of butterflies {unknown}
 t - 3 scrolls of teleportation {unknown}
 y - a scroll of immolation {unknown}
 B - a scroll of brand weapon {unknown}
Potions
 c - a potion of magic
 f - 2 potions of curing
 h - a potion of heal wounds
 l - a potion of brilliance
 w - a potion of enlightenment
 z - a potion of cancellation
 A - a potion of might
 C - a potion of ambrosia


   Skills:
 - Level 3.0 Fighting
 - Level 3.0 Dodging
 - Level 2.6 Stealth
 + Level 4.8 Spellcasting
 + Level 4.7 Conjurations
 + Level 5.6 Earth Magic
 + Level 1.6 Evocations


You had 5 spell levels left.
You knew the following spells:

 Your Spells              Type           Power      Damage    Failure   Level
a - Stone Arrow           Conj/Erth      60%        3d10      3%          3
b - Sandblast             Erth           64%        2d14      1%          1
c - Leda's Liquefaction   Alch/Erth      9%         N/A       28%         4
z - Passwall              Erth           32%        N/A       2%          3

Your spell library contained the following spells:

 Spells                   Type           Power      Damage    Failure   Level
 Freeze                   Ice            20%        1d4       9%          1
 Hailstorm                Conj/Ice       17%        3d6       10%         3
 Brom's Barrelling Bould  Conj/Erth      30%        2d5       11%         4
 Frozen Ramparts          Ice            10%        1d2       26%         3
 Petrify                  Alch/Erth      19%        N/A       28%         4
 Metabolic Englaciation   Hex/Ice        2%         N/A       94%         5


Dungeon Overview and Level Annotations

Branches:
Dungeon (7/15)             Temple (1/1) D:4

Altars:
Ashenzari
Cheibriados
Dithmenos
Elyvilon
Fedhas
Gozag
Hepliaklqana
Makhleb
Okawaru
Qazlal
Sif Muna
Trog
Uskayaw
Vehumet
Xom
Yredelemnul
Zin
Lugonu

Annotations:
D:6 Maggie


Innate Abilities, Weirdness & Mutations

You cannot wear most types of armour.
You are amphibious.
You can wear up to eight rings at the same time.
Your skin changes colour to match your surroundings (Stealth+).
Your rubbery body absorbs attacks. (AC +1, EV +1)
((You are camouflaged when in or above water. (Stealth+)))
You have tentacles for arms and can constrict up to eight enemies at once.


Message History

Aiming: Stone Arrow (dangerous; 3% risk of failure)
Press: ? - help, Shift-Dir - straight line, f/p - Maggie
Aim: Maggie, wielding the +9 lance "Wyrmbane" {slay drac, rPois rF+ rC+ AC+3} and wearing +0 swamp dragon scales (77% to hit)
The stone arrow hits Maggie!
Maggie is lightly wounded.
Unknown command.
Unknown command.
Casting: Stone Arrow (dangerous; 3% risk of failure)
Confirm with . or Enter, or press ? or * to list all spells.
Aiming: Stone Arrow (dangerous; 3% risk of failure)
Press: ? - help, Shift-Dir - straight line, f/p - Maggie
Aim: Maggie, wielding the +9 lance "Wyrmbane" {slay drac, rPois rF+ rC+ AC+3} and wearing +0 swamp dragon scales (lightly wounded, 77% to hit)
The stone arrow hits Maggie.
Maggie is moderately wounded.
Unknown command.
Unknown command.
Aiming: Bolt of Light
Press: ? - help, Shift-Dir - straight line, f/p - Maggie
Aim: Maggie, wielding the +9 lance "Wyrmbane" {slay drac, rPois rF+ rC+ AC+3} and wearing +0 swamp dragon scales (moderately wounded, 75% to hit)
The bolt of light hits Maggie!
Maggie is moderately wounded.
Maggie is blinded.
Maggie hits you from afar with the +9 lance "Wyrmbane"!
Unknown command.
Aiming: Warp Space
Press: ? - help, Shift-Dir - straight line, f/p - Maggie
Aim: Maggie, wielding the +9 lance "Wyrmbane" {slay drac, rPois rF+ rC+ AC+3} and wearing +0 swamp dragon scales (moderately wounded, blind, unable to see you) Space twists violently!
The rupture engulfs Maggie!
Maggie is severely wounded.
Unknown command.
Unknown command.
Aiming: Bolt of Light
Press: ? - help, Shift-Dir - straight line, f/p - Maggie
Aim: Maggie, wielding the +9 lance "Wyrmbane" {slay drac, rPois rF+ rC+ AC+3} and wearing +0 swamp dragon scales (severely wounded, wandering, blind, unable to see you, hasn't noticed you, 75% to hit)
The bolt of light hits Maggie.
Maggie is severely wounded.
Maggie casts a spell at you. The bolt of fire hits you!!
Ouch! That really hurt!
You die...

......# .......
.......## #..
........# ..
........# ..
.........## #.
#.........@..##.#
##..........@.#..#
#.............#.#
#..............#
#.............##
.#..............#
................#
...............##
#..).........###
####........##


You could see Maggie (blind, unable to see you).

Vanquished Creatures
  A steam dragon (D:6)
  2 black bears
  An ogre (D:5)
  2 phantoms
  3 scorpions
  A bombardier beetle (D:6)
  An orc priest (D:7)
  2 iguanas
  2 orc wizards (D:7)
  A sleepcap (D:5)
  5 adders
  4 gnolls (D:5)
  A shadow imp (D:5)
  A white imp (D:5)
  5 dart slugs
  A ribbon worm (D:2)
  9 orcs
  2 bats (D:1)
  6 endoplasms
  A giant cockroach (D:3)
  4 goblins
  4 hobgoblins
  5 jackals
  2 quokkas
  5 ball pythons
  10 kobolds
  8 rats
89 creatures vanquished.

Notes
Turn   | Place    | Note
-------+----------+-------------------------------------------
     0 | D:1      | zenocrate the Octopode Earth Elementalist began the quest
                  | for the Orb.
     0 | D:1      | Reached XP level 1. HP: 11/11 MP: 3/3
   124 | D:1      | Reached XP level 2. HP: 11/17 MP: 5/5
   394 | D:1      | Reached XP level 3. HP: 21/21 MP: 6/6
   398 | D:1      | Learned a level 3 spell: Stone Arrow
   860 | D:2      | Identified the +7 mace of Objectivity {flame, Int+5}
  1482 | D:2      | Reached XP level 4. HP: 27/27 MP: 8/8
  1486 | D:2      | Learned a level 3 spell: Passwall
  1747 | D:3      | Reached skill level 1 in Fighting
  1913 | D:3      | Found a white marble altar of Elyvilon.
  1980 | D:3      | Found a blossoming altar of Fedhas.
  2251 | D:3      | Found a hide-covered altar of Uskayaw.
  2295 | D:4      | Noticed a black bear
  2299 | D:4      | Killed a black bear
  2300 | D:4      | Reached skill level 4 in Earth Magic
  2300 | D:4      | Reached XP level 5. HP: 34/34 MP: 6/9
  2448 | D:4      | Found a staircase to the Ecumenical Temple.
  2454 | D:4      | You fall into a shaft and drop 3 floors!
  2557 | D:7      | Reached XP level 6. HP: 29/39 MP: 2/11
  2839 | D:7      | Reached XP level 7. HP: 45/45 MP: 5/12
  3002 | D:7      | Noticed a white ugly thing
  3003 | D:7      | Noticed a small abomination
  3003 | D:7      | Noticed a small abomination
  3005 | D:7      | Found a corrupted altar of Lugonu.
  3006 | D:7      | Noticed a red ugly thing
  3249 | D:5      | Entered Level 5 of the Dungeon
  3447 | D:4      | Reached skill level 5 in Earth Magic
  4007 | Temple   | Entered the Ecumenical Temple
  4018 | Temple   | Became a worshipper of Vehumet
  4141 | D:5      | Learned a level 4 spell: Leda's Liquefaction
  4285 | D:5      | Reached XP level 8. HP: 52/52 MP: 4/14
  4725 | D:6      | Reached skill level 1 in Evocations
  5213 | D:6      | Noticed Maggie
  5221 | D:6      | Killed from afar by Maggie

Illustrated notes

Levels and vault maps discovered:
D:1:      lemuel_arrival_muddy, layout_rooms
D:2:      layout_basic
D:3:      layout_rooms, mainiacjoe_overflow_swirl, elyvilon_altar_5,
          mrwooster_statue_mirror, kennysheep_generic_room_5
D:4:      layout_basic, minmay_temple_entry_butterflies, grunt_ministairs_7
D:5:      layout_basic
D:6:      layout_cave_pods, mainiacjoe_overflow_cross_hatched,
          minmay_misc_feat_enclosed, uniq_eustachio, uniq_grinder, uniq_maggie
D:7:      gammafunk_corrupted_shrine, layout_gridville
Temple:   nicolae_temple_ecumenical_triangle

Skill      XL: |  1  2  3  4  5  6  7  8 |
---------------+-------------------------+-----
Conjurations   | 2 3 4 |  4.7
Fighting       | 1 2 3 |  3.0
Spellcasting   | 3 4 |  4.8
Earth Magic    | 4 5 |  5.6
Dodging        | 3 |  3.0
Evocations     | 1 |  1.6
Stealth        | |  2.6

Action                     |  1- 3 |  4- 6 |  7- 9 || total
---------------------------+-------+-------+-------++-------
  Melee: Short sword       |    39 |       |       ||    39
         Constrict         |    12 |     5 |     2 ||    19
         Tentacles         |     9 |     6 |     1 ||    16
         Mace              |     3 |    18 |    11 ||    32
   Cast: Sandblast         |    10 |    26 |     1 ||    37
         Stone Arrow       |       |     8 |    31 ||    39
  Evoke: Wand              |       |     1 |     4 ||     5
    Use: Potion            |       |     6 |       ||     6
         Scroll            |       |       |     6 ||     6
   Stab: Sleeping          |    17 |     1 |     1 ||    19
 Armour: Skin              |    19 |    20 |    22 ||    61
  Dodge: Dodged            |    13 |    17 |    27 ||    57

Table legend: (Time is in decaauts)
 A = Elapsed time spent in this place.
 B = Non-inter-level travel time spent in this place.
 C = Inter-level travel time spent in this place.
 D = Time resting spent in this place.
 E = Time spent auto-exploring this place.
 F = Levels seen in this place.
 G = Mean time per level.
                   A        B        C        D        E       F      G
               +--------+--------+--------+--------+--------+-----+--------+
         Total |   5230 |   4968 |    262 |    203 |   4121 |   8 |  653.8 |
       Dungeon |   5207 |   4965 |    242 |    203 |   4121 |   7 |  743.9 |
        Temple |     22 |      2 |     20 |      0 |      0 |   1 |   22.0 |
               +--------+--------+--------+--------+--------+-----+--------+

Top non-repeatable levels by time:
     D:2: 920 daAuts
     D:4: 876 daAuts
     D:5: 746 daAuts
     D:1: 695 daAuts
     D:3: 679 daAuts
     D:7: 660 daAuts
     D:6: 630 daAuts
  Temple: 22 daAuts
